General information
- name: BNet
- type: Ladder team game (AT/RT)
- host: Battle.net
- saver: 1mhotep
map: Cherryville
- players: 8
- length: 33:42
- speed: Fast
- version: 1.26 W3XP
- replay type: Public
» download(198 KB)
Players
team 1 (loser)
URMoMisFAT (
purple | 63 APM | 1056 actions | 16:51)
3 Demon Hunter
2 Mana Burn
1 Evasion
2 Pandaren Brewmaster
1 Drunken Haze
1 Breath of Fire
2 Naga Sea Witch
1 Frost Arrows
1 Forked Lightning
» actions
| Assign group hotkey | 49 | |
| Build / train | 56 | |
| Enter build submenu | 18 | |
| Enter hero's abilities submenu | 7 | |
| Give item / drop item | 3 | |
| Right click | 609 | |
| Select / deselect | 201 | |
| Select group hotkey | 15 | |
| Use ability | 98 | |
1056 total
» units
| Wisp | 22 | |
| Archer | 7 | |
| Chimaera | 1 | |
| Druid of the Talon | 1 | |
31 total
» upgrades
| Strength of the Wild | 1 | |
| Reinforced Hides | 3 | |
| Corrosive Breath | 1 | |
| Druid of the Talon Training | 1 | |
6 total
» buildings
| Altar of Elders | 1 | |
| Moon Well | 5 | |
| Ancient of War | 1 | |
| Tree of Ages | 2 | |
| Hunter's Hall | 1 | |
| Tree of Life | 3 | |
| Tree of Eternity | 2 | |
| Ancient of Wonders | 1 | |
| Ancient of Wind | 2 | |
| Chimaera Roost | 2 | |
20 total
» build order
00:17 Altar of Elders
00:20 Moon Well
01:07 Ancient of War
01:36 Moon Well
02:25 Moon Well
03:13 Tree of Ages
03:13 Tree of Ages
03:59 Hunter's Hall
04:04 Moon Well
04:56 Tree of Life
05:36 Tree of Eternity
05:41 Ancient of Wonders
07:51 Ancient of Wind
10:23 Tree of Life
10:35 Chimaera Roost
10:38 Chimaera Roost
10:43 Ancient of Wind
11:54 Tree of Life
12:42 Moon Well
» items
| Scroll of Town Portal | 1 | |
| Staff of Preservation | 1 | |
| Orb of Venom | 1 | |
3 total

»
urmomwent2colle (
yellow | 28 APM | 491 actions | 17:50)
3 Priestess of the Moon
2 Trueshot Aura
1 Searing Arrows
2 Demon Hunter
1 Evasion
1 Immolation
» actions
| Basic commands | 11 | |
| Build / train | 66 | |
| Enter build submenu | 21 | |
| Enter hero's abilities submenu | 5 | |
| Right click | 131 | |
| Select / deselect | 226 | |
| Use ability | 31 | |
491 total
» units
| Wisp | 21 | |
| Archer | 8 | |
| Goblin Shredder | 1 | |
| Chimaera | 5 | |
| Hippogryph | 13 | |
48 total
» upgrades
| Strength of the Wild | 3 | |
| Well Spring | 1 | |
| Corrosive Breath | 1 | |
| Reinforced Hides | 1 | |
6 total
» buildings
| Altar of Elders | 1 | |
| Moon Well | 8 | |
| Ancient of War | 2 | |
| Tree of Ages | 1 | |
| Tree of Life | 1 | |
| Hunter's Hall | 1 | |
| Ancient of Wonders | 1 | |
| Tree of Eternity | 1 | |
| Ancient of Wind | 2 | |
| Chimaera Roost | 4 | |
22 total
» build order
00:12 Altar of Elders
00:19 Moon Well
01:03 Ancient of War
01:35 Moon Well
02:00 Ancient of War
02:33 Moon Well
04:11 Tree of Ages
05:36 Tree of Life
05:45 Hunter's Hall
05:55 Ancient of Wonders
06:18 Moon Well
06:48 Tree of Eternity
06:52 Ancient of Wind
09:13 Chimaera Roost
09:25 Chimaera Roost
09:28 Chimaera Roost
09:30 Chimaera Roost
10:28 Moon Well
10:44 Moon Well
10:47 Moon Well
10:56 Moon Well
15:49 Ancient of Wind
» items
| Orb of Venom | 1 | |
| Scroll of Town Portal | 2 | |
3 total

»
mcdoogle (
red | 45 APM | 744 actions | 16:32)
3 Archmage
2 Summon Water Elemental
1 Brilliance Aura
» actions
| Assign group hotkey | 14 | |
| Basic commands | 21 | |
| Build / train | 61 | |
| Enter build submenu | 42 | |
| Enter hero's abilities submenu | 3 | |
| Right click | 228 | |
| Select / deselect | 229 | |
| Select group hotkey | 90 | |
| Use ability | 56 | |
744 total
» units
| Peasant | 24 | |
| Footman | 4 | |
| Rifleman | 1 | |
| Dragonhawk Rider | 1 | |
| Gryphon Rider | 1 | |
31 total
» upgrades
| Masonry | 3 | |
| Swords | 1 | |
| Armor | 2 | |
| Cloud | 1 | |
| Lumber Harvesting | 2 | |
| Magic Sentry | 1 | |
10 total
» buildings
| Farm | 8 | |
| Barracks | 1 | |
| Altar of Kings | 1 | |
| Lumber Mill | 1 | |
| Scout Tower | 18 | |
| Arcane Tower | 4 | |
| Keep | 1 | |
| Guard Tower | 6 | |
| Blacksmith | 1 | |
| Arcane Vault | 1 | |
| Castle | 1 | |
| Gryphon Aviary | 2 | |
| Workshop | 1 | |
| Cannon Tower | 3 | |
| Arcane Sanctum | 1 | |
50 total
» build order
00:09 Farm
00:18 Barracks
00:30 Altar of Kings
00:48 Farm
01:10 Lumber Mill
01:51 Scout Tower
02:16 Farm
02:18 Arcane Tower
03:02 Scout Tower
03:28 Keep
03:36 Guard Tower
04:33 Blacksmith
05:04 Farm
05:08 Farm
05:55 Arcane Vault
06:31 Castle
06:34 Scout Tower
06:38 Gryphon Aviary
06:40 Gryphon Aviary
07:09 Guard Tower
07:12 Scout Tower
08:03 Scout Tower
08:25 Guard Tower
08:28 Scout Tower
08:48 Farm
09:04 Guard Tower
09:05 Scout Tower
09:09 Scout Tower
09:11 Guard Tower
09:18 Scout Tower
09:37 Workshop
10:21 Scout Tower
10:26 Scout Tower
10:35 Farm
10:59 Farm
11:02 Scout Tower
11:04 Cannon Tower
11:34 Cannon Tower
11:34 Cannon Tower
11:57 Arcane Sanctum
12:15 Arcane Tower
13:18 Scout Tower
13:40 Scout Tower
13:54 Arcane Tower
14:19 Arcane Tower
15:46 Scout Tower
15:48 Scout Tower
15:49 Scout Tower
15:50 Scout Tower
16:22 Guard Tower
» items
BogBodies (
orange | 65 APM | 2201 actions | 33:41)
7 Priestess of the Moon
3 Trueshot Aura
2 Scout
1 Starfall
1 Searing Arrows
» actions
| Assign group hotkey | 312 | |
| Basic commands | 39 | |
| Build / train | 98 | |
| Enter build submenu | 38 | |
| Enter hero's abilities submenu | 7 | |
| Give item / drop item | 2 | |
| Remove unit from queue | 1 | |
| Right click | 888 | |
| Select / deselect | 282 | |
| Select group hotkey | 462 | |
| Use ability | 72 | |
2201 total
» units
| Wisp | 35 | |
| Archer | 9 | |
| Goblin Shredder | 1 | |
| Chimaera | 6 | |
| Faerie Dragon | 14 | |
| Druid of the Talon | 1 | |
66 total
» upgrades
| Nature's Blessing | 1 | |
| Strength of the Wild | 3 | |
| Reinforced Hides | 3 | |
| Ultravision | 1 | |
| Well Spring | 1 | |
| Corrosive Breath | 1 | |
10 total
» buildings
| Moon Well | 8 | |
| Altar of Elders | 1 | |
| Hunter's Hall | 1 | |
| Ancient Protector | 14 | |
| Ancient of War | 1 | |
| Tree of Life | 3 | |
| Tree of Ages | 1 | |
| Tree of Eternity | 1 | |
| Ancient of Wind | 3 | |
| Ancient of Wonders | 2 | |
| Chimaera Roost | 4 | |
39 total
» build order
00:12 Moon Well
01:05 Moon Well
01:19 Moon Well
01:51 Altar of Elders
01:55 Hunter's Hall
02:19 Moon Well
03:14 Ancient Protector
03:19 Ancient Protector
03:31 Ancient Protector
04:11 Ancient of War
04:45 Ancient Protector
04:48 Ancient Protector
04:51 Ancient Protector
05:04 Ancient Protector
05:17 Ancient Protector
06:22 Tree of Life
06:43 Tree of Ages
07:32 Ancient Protector
07:40 Ancient Protector
08:29 Moon Well
08:39 Ancient Protector
08:40 Ancient Protector
08:41 Ancient Protector
08:43 Ancient Protector
10:24 Tree of Eternity
12:02 Ancient of Wind
13:09 Moon Well
13:23 Ancient of Wonders
14:07 Chimaera Roost
14:14 Chimaera Roost
14:15 Chimaera Roost
14:22 Chimaera Roost
14:57 Tree of Life
16:27 Ancient of Wind
16:51 Ancient of Wind
19:37 Ancient of Wonders
20:22 Moon Well
20:23 Moon Well
20:41 Tree of Life
» items
| Potion of Healing | 3 | |
| Scroll of Town Portal | 1 | |
| Anti-magic Potion | 4 | |
| Periapt of Vitality | 1 | |
| Potion of Lesser Invulnerability | 1 | |
10 total
team 2 (winner)
KNOOB (
blue | 38 APM | 1288 actions | 33:41)
4 Archmage
2 Blizzard
1 Brilliance Aura
1 Summon Water Elemental
» actions
| Assign group hotkey | 22 | |
| Basic commands | 80 | |
| Build / train | 87 | |
| Enter build submenu | 23 | |
| Enter hero's abilities submenu | 5 | |
| Give item / drop item | 2 | |
| Right click | 388 | |
| Select / deselect | 333 | |
| Select group hotkey | 250 | |
| Use ability | 98 | |
1288 total
» units
| Peasant | 19 | |
| Mortar Team | 11 | |
| Sorceress | 10 | |
| Flying Machine | 6 | |
| Priest | 4 | |
50 total
» upgrades
| Gunpowder | 2 | |
| Sorceress Training | 2 | |
| Priest Training | 2 | |
| Armor | 1 | |
| Flare | 1 | |
| Magic Sentry | 1 | |
| Plating | 2 | |
| Lumber Harvesting | 2 | |
| Fragmentation Shards | 1 | |
| Control Magic | 1 | |
| Flak Cannons | 1 | |
| Flying Machine Bombs | 1 | |
17 total
» buildings
| Farm | 13 | |
| Altar of Kings | 2 | |
| Lumber Mill | 1 | |
| Scout Tower | 3 | |
| Arcane Tower | 1 | |
| Keep | 1 | |
| Guard Tower | 2 | |
| Blacksmith | 1 | |
| Arcane Vault | 2 | |
| Workshop | 2 | |
| Arcane Sanctum | 4 | |
| Castle | 1 | |
| Town Hall | 1 | |
34 total
» build order
00:22 Farm
00:24 Farm
00:36 Altar of Kings
00:52 Lumber Mill
01:23 Scout Tower
01:25 Scout Tower
01:56 Arcane Tower
02:35 Keep
02:44 Guard Tower
02:52 Blacksmith
03:12 Arcane Vault
03:23 Scout Tower
05:12 Workshop
05:17 Workshop
05:21 Arcane Sanctum
05:27 Farm
05:30 Farm
05:31 Farm
05:33 Farm
05:34 Farm
05:47 Farm
05:47 Farm
05:48 Farm
09:40 Castle
10:39 Guard Tower
10:46 Arcane Sanctum
17:03 Town Hall
17:24 Altar of Kings
17:38 Arcane Sanctum
17:59 Arcane Sanctum
18:09 Farm
18:11 Farm
18:11 Farm
18:54 Arcane Vault
» items
| Potion of Healing | 5 | |
| Scroll of Regeneration | 2 | |
| Scroll of Town Portal | 3 | |
10 total
xXxPLoSiVe (
teal | 49 APM | 1531 actions | 31:26)
5 Death Knight
3 Death Coil
2 Unholy Aura
4 Lich
2 Frost Nova
2 Frost Armor
» actions
| Assign group hotkey | 114 | |
| Basic commands | 3 | |
| Build / train | 60 | |
| ESC pressed | 2 | |
| Enter build submenu | 26 | |
| Enter hero's abilities submenu | 9 | |
| Remove unit from queue | 2 | |
| Right click | 476 | |
| Select / deselect | 469 | |
| Select group hotkey | 313 | |
| Use ability | 56 | |
1531 total
» units
| Acolyte | 12 | |
| Ghoul | 7 | |
| Crypt Fiend | 5 | |
| Frost Wyrm | 2 | |
26 total
» upgrades
| Web | 1 | |
| Creature Attack | 3 | |
| Freezing Breath | 1 | |
| Creature Carapace | 3 | |
| Backpack | 1 | |
9 total
» buildings
| Graveyard | 2 | |
| Crypt | 1 | |
| Altar of Darkness | 1 | |
| Ziggurat | 10 | |
| Tomb of Relics | 1 | |
| Halls of the Dead | 1 | |
| Necropolis | 1 | |
| Black Citadel | 1 | |
| Sacrificial Pit | 1 | |
| Boneyard | 4 | |
23 total
» build order
00:10 Graveyard
00:17 Crypt
00:40 Altar of Darkness
00:56 Ziggurat
01:10 Tomb of Relics
01:42 Ziggurat
04:21 Ziggurat
04:24 Ziggurat
04:26 Ziggurat
05:49 Halls of the Dead
06:23 Ziggurat
06:32 Necropolis
07:23 Ziggurat
07:26 Ziggurat
07:29 Ziggurat
07:32 Ziggurat
08:21 Black Citadel
08:34 Sacrificial Pit
10:21 Graveyard
10:57 Boneyard
10:59 Boneyard
11:02 Boneyard
11:06 Boneyard
» items
| Rod of Necromancy | 1 | |
| Sacrificial Skull | 1 | |
| Potion of Lesser Invulnerability | 1 | |
| Circlet of Nobility | 1 | |
| Scroll of Protection | 1 | |
| Boots of Speed | 1 | |
| Periapt of Vitality | 1 | |
| Scroll of Healing | 1 | |
8 total
1mhotep (
green | 76 APM | 2578 actions | 33:42)
5 Blood Mage
3 Flame Strike
2 Siphon Mana
» actions
| Assign group hotkey | 29 | |
| Basic commands | 250 | |
| Build / train | 146 | |
| ESC pressed | 2 | |
| Enter build submenu | 58 | |
| Enter hero's abilities submenu | 5 | |
| Give item / drop item | 7 | |
| Right click | 866 | |
| Select / deselect | 504 | |
| Select group hotkey | 553 | |
| Use ability | 158 | |
2578 total
» units
| Peasant | 20 | |
| Footman | 8 | |
| Goblin Shredder | 4 | |
| Sorceress | 2 | |
| Dragonhawk Rider | 7 | |
| Gryphon Rider | 2 | |
| Goblin Sapper | 2 | |
45 total
» upgrades
| Defend | 1 | |
| Masonry | 3 | |
| Lumber Harvesting | 2 | |
| Sorceress Training | 2 | |
| Magic Sentry | 1 | |
| Cloud | 1 | |
| Storm Hammers | 1 | |
| Backpack | 1 | |
| Swords | 3 | |
| Armor | 3 | |
| Animal War Training | 1 | |
| Priest Training | 2 | |
| Control Magic | 1 | |
| Plating | 3 | |
| Gunpowder | 3 | |
| Long Rifles | 1 | |
| Flak Cannons | 1 | |
| Flying Machine Bombs | 1 | |
| Fragmentation Shards | 1 | |
| Flare | 1 | |
| Barrage | 1 | |
34 total
» buildings
| Altar of Kings | 1 | |
| Barracks | 1 | |
| Farm | 15 | |
| Arcane Vault | 1 | |
| Town Hall | 2 | |
| Scout Tower | 27 | |
| Arcane Tower | 1 | |
| Lumber Mill | 1 | |
| Keep | 1 | |
| Guard Tower | 31 | |
| Castle | 2 | |
| Arcane Sanctum | 1 | |
| Gryphon Aviary | 4 | |
| Blacksmith | 1 | |
| Workshop | 2 | |
| Cannon Tower | 1 | |
92 total
» build order
00:05 Altar of Kings
00:10 Barracks
00:15 Farm
00:19 Farm
01:21 Farm
01:59 Farm
02:37 Arcane Vault
03:16 Town Hall
03:52 Farm
04:29 Scout Tower
04:30 Scout Tower
05:08 Arcane Tower
05:27 Lumber Mill
05:55 Scout Tower
05:55 Scout Tower
05:57 Scout Tower
05:59 Scout Tower
06:12 Keep
06:31 Guard Tower
06:31 Guard Tower
06:40 Guard Tower
08:09 Scout Tower
08:11 Scout Tower
08:13 Scout Tower
08:39 Guard Tower
08:39 Guard Tower
08:39 Guard Tower
08:48 Guard Tower
08:48 Guard Tower
08:49 Guard Tower
08:54 Castle
09:29 Arcane Sanctum
09:36 Gryphon Aviary
09:38 Gryphon Aviary
10:56 Guard Tower
10:59 Scout Tower
11:01 Scout Tower
11:06 Scout Tower
11:10 Scout Tower
11:38 Blacksmith
13:06 Scout Tower
13:08 Scout Tower
13:34 Guard Tower
13:34 Guard Tower
13:37 Guard Tower
13:37 Guard Tower
13:38 Farm
13:41 Farm
14:51 Gryphon Aviary
14:56 Gryphon Aviary
15:02 Farm
15:08 Scout Tower
15:16 Scout Tower
15:22 Farm
15:50 Guard Tower
15:50 Guard Tower
15:50 Guard Tower
17:33 Farm
19:11 Farm
19:47 Guard Tower
22:52 Farm
22:53 Farm
22:56 Farm
23:02 Farm
23:10 Scout Tower
23:11 Scout Tower
23:12 Scout Tower
23:12 Scout Tower
23:13 Scout Tower
24:10 Town Hall
24:15 Scout Tower
24:16 Scout Tower
24:17 Scout Tower
24:19 Scout Tower
24:22 Guard Tower
24:22 Guard Tower
24:53 Guard Tower
24:53 Guard Tower
24:54 Guard Tower
25:04 Workshop
25:06 Workshop
27:28 Scout Tower
28:01 Cannon Tower
» items
| Scroll of Regeneration | 5 | |
| Mechanical Critter | 1 | |
| Staff of Teleportation | 1 | |
| Lesser Clarity Potion | 4 | |
| Potion of Mana | 3 | |
| Scroll of Town Portal | 4 | |
| Potion of Invisibility | 1 | |
| Potion of Healing | 2 | |
21 total
FALLING-SKIES. (
pink | 58 APM | 1957 actions | 33:28)
4 Blademaster
2 Wind Walk
2 Critical Strike
3 Shadow Hunter
2 Hex
1 Healing Wave
» actions
| Assign group hotkey | 61 | |
| Basic commands | 86 | |
| Build / train | 60 | |
| Enter build submenu | 20 | |
| Enter hero's abilities submenu | 7 | |
| Give item / drop item | 3 | |
| Right click | 722 | |
| Select / deselect | 255 | |
| Select group hotkey | 675 | |
| Use ability | 68 | |
1957 total
» units
| Peon | 8 | |
| Grunt | 4 | |
| Wind Rider | 6 | |
| Troll Batrider | 4 | |
22 total
» upgrades
| Ranged Weapons | 2 | |
| Armor | 2 | |
| Reinforced Defenses | 1 | |
| Liquid Fire | 1 | |
| Envenomed Spears | 1 | |
7 total
» buildings
| Altar of Storms | 1 | |
| Orc Burrow | 8 | |
| Barracks | 1 | |
| Voodoo Lounge | 1 | |
| Stronghold | 4 | |
| War Mill | 1 | |
| Beastiary | 3 | |
| Fortress | 2 | |
| Watch Tower | 9 | |
| Great Hall | 1 | |
31 total
» build order
00:17 Altar of Storms
00:27 Orc Burrow
00:53 Barracks
01:32 Orc Burrow
02:08 Voodoo Lounge
02:58 Stronghold
02:59 Stronghold
02:59 Stronghold
02:59 Stronghold
03:49 War Mill
04:11 Orc Burrow
04:47 Orc Burrow
05:35 Beastiary
05:56 Beastiary
08:05 Fortress
08:05 Fortress
08:54 Watch Tower
08:55 Watch Tower
08:56 Watch Tower
08:56 Watch Tower
08:57 Watch Tower
08:57 Watch Tower
10:52 Beastiary
10:57 Watch Tower
11:28 Watch Tower
12:33 Orc Burrow
13:08 Orc Burrow
17:33 Great Hall
19:03 Orc Burrow
19:04 Orc Burrow
» items
| Healing Salve | 5 | |
| Scroll of Regeneration | 2 | |
| Potion of Lesser Invulnerability | 1 | |
| Scroll of Town Portal | 2 | |
| Orb of Lightning | 1 | |
| Staff of Teleportation | 2 | |
13 total
Chat log
(00:04 / Allies) xXxPLoSiVe: plan ?
(00:09 / Allies) KNOOB: cc
(00:19 / Allies) xXxPLoSiVe: ok
(00:27 / Allies) xXxPLoSiVe: ima go expo
(00:37 / Allies) 1mhotep: I got top left expo
(01:29 / Allies) xXxPLoSiVe: 100 godl plz ?
(01:30 / Allies) xXxPLoSiVe: gold
(02:51 / Allies) FALLING-SKIES.: can we hit soon?
(03:21 / Allies) xXxPLoSiVe: help
(03:26 / Allies) 1mhotep: 100 wood
(03:40 / Allies) 1mhotep: ty
(07:09 / All) BogBodies: How many expansions are there on each side?
(07:12 / All) BogBodies: I say 4
(07:19 / All) BogBodies: red says there are 5, a phantom expansion
(07:22 / All) BogBodies: *
(07:23 / All) BogBodies: purple
(08:32 / Allies) KNOOB: gold?
(09:15 / All) URMoMisFAT: invinc motars?
(09:20 / All) URMoMisFAT: seriously?
(10:38 / All) FALLING-SKIES.: 3 of u faggots tping over one expo?
(11:01 / Allies) FALLING-SKIES.: guys hit bot
(11:02 / Allies) FALLING-SKIES.: right
(11:03 / Allies) FALLING-SKIES.: expo
(11:37 / Allies) FALLING-SKIES.: come on blue
(11:42 / Allies) FALLING-SKIES.: keep going
(11:56 / Allies) FALLING-SKIES.: wood
(12:16 / Allies) xXxPLoSiVe: lumber
(12:22 / Allies) FALLING-SKIES.: wood
(12:38 / Allies) FALLING-SKIES.: wood?
(12:53 / Allies) FALLING-SKIES.: wood rod?
(13:14 / Allies) FALLING-SKIES.: give gold teal
(13:31 / Allies) FALLING-SKIES.: blue
(13:32 / Allies) FALLING-SKIES.: skip nbase
(13:34 / Allies) FALLING-SKIES.: he is useless
(13:42 / Allies) FALLING-SKIES.: tp
(13:43 / Allies) FALLING-SKIES.: blue
(15:14 / Allies) FALLING-SKIES.: hit
(15:14 / Allies) FALLING-SKIES.: red
(15:16 / Allies) xXxPLoSiVe: tp to blue?
(15:28 / Allies) xXxPLoSiVe: tp to blue
(15:29 / Allies) xXxPLoSiVe: gogogo
(15:30 / Allies) FALLING-SKIES.: hit red now
(15:31 / Allies) 1mhotep: chims
(15:37 / Allies) xXxPLoSiVe: tp to blue
(15:38 / Allies) xXxPLoSiVe: go
(15:50 / Allies) xXxPLoSiVe: tp damn
(16:39 / All) URMoMisFAT: knew that was happening
(16:47 / All) URMoMisFAT: gg
(16:51 / Allies) FALLING-SKIES.: hit
(16:51 / Allies) FALLING-SKIES.: red
(16:52 / Allies) FALLING-SKIES.: guys
(17:21 / All) 1mhotep: damn that's a lot of ragequits
(18:06 / Allies) FALLING-SKIES.: gold
(18:07 / Allies) FALLING-SKIES.: guys
(18:08 / Allies) FALLING-SKIES.: im out
(18:20 / Allies) FALLING-SKIES.: teal
(18:22 / Allies) FALLING-SKIES.: get away
(18:23 / Allies) FALLING-SKIES.: from him
(19:09 / Allies) FALLING-SKIES.: teal get back
(19:09 / Allies) FALLING-SKIES.: idiot
(19:20 / All) BogBodies: lawl
(19:24 / All) BogBodies: yuou suck so much teal
(19:28 / All) xXxPLoSiVe: ok
(19:30 / All) 1mhotep: He is a typical clueless wyrmbot
(19:33 / Allies) FALLING-SKIES.: gold teal
(19:35 / All) 1mhotep: doubt he can make anything else
(19:37 / Allies) KNOOB: wood?
(19:53 / All) FALLING-SKIES.: teal
(19:55 / All) FALLING-SKIES.: hit red
(19:56 / Allies) xXxPLoSiVe: hm
(20:04 / Allies) xXxPLoSiVe: ok
(21:02 / All) FALLING-SKIES.: teal gave up
(21:03 / All) FALLING-SKIES.: lalw
(21:03 / Allies) xXxPLoSiVe: ?
(21:11 / All) 1mhotep: Isn't even fighting back
(21:47 / Allies) xXxPLoSiVe: why green ?
(22:01 / All) BogBodies: blue and teal are skilled
(22:04 / All) FALLING-SKIES.: green is a god damn backstabber
(22:21 / All) FALLING-SKIES.: next time teal
(22:23 / All) FALLING-SKIES.: feed more
(22:24 / All) FALLING-SKIES.: clown
(22:33 / All) FALLING-SKIES.: u dont need 2 expos and not feed
(22:35 / All) FALLING-SKIES.: bad
(22:36 / All) 1mhotep: give me all of your gold and wood and you can leave
(22:38 / All) 1mhotep: ok?
(22:41 / Allies) xXxPLoSiVe: u have 4 k noob
(22:41 / Allies) xXxPLoSiVe: stfu
(23:09 / All) BogBodies: I'm jsut gonna go afk
(23:12 / Allies) KNOOB: patetic
(23:20 / Allies) xXxPLoSiVe: patetic kids
(23:22 / All) FALLING-SKIES.: shut up blue u cock
(23:39 / Allies) KNOOB: easy faggot
(24:13 / All) BogBodies: k back
(24:42 / All) 1mhotep: You lost. Leave faggot teal and blue
(25:02 / Allies) KNOOB: hey not till u guys lose
(25:22 / All) BogBodies: he tried to nuke my hero
(25:23 / Allies) KNOOB: be back soon to check on you faggots
(25:24 / All) BogBodies: teal did
(25:32 / All) FALLING-SKIES.: s/tats knoob
(25:40 / All) FALLING-SKIES.: u know what
(25:42 / All) BogBodies: anti magic melted his tiny little mind
(25:47 / All) FALLING-SKIES.: screw purple, blue and teal lose
(25:53 / Allies) xXxPLoSiVe: all noobs
(26:03 / Allies) 1mhotep: lemme get 100% tech
(26:07 / All) xXxPLoSiVe: me and knoob can rape all of u guys
(26:08 / All) xXxPLoSiVe: =)
(26:11 / All) BogBodies: lawl
(26:14 / All) BogBodies: I raped you idiot
(26:17 / All) BogBodies: with 2 chims
(26:19 / All) xXxPLoSiVe: u rape me ?
(26:21 / All) xXxPLoSiVe: lol
(26:23 / All) xXxPLoSiVe: my team tk me
(26:25 / All) xXxPLoSiVe: stfu nerd
(26:25 / All) BogBodies: I had you running
(26:25 / All) FALLING-SKIES.: we outplayed you teal, and teal
(26:27 / All) FALLING-SKIES.: i tked u last game
(26:28 / All) FALLING-SKIES.: teal
(26:29 / All) 1mhotep: Want to 1v1?
(26:30 / All) FALLING-SKIES.: on gold rush
(26:36 / All) FALLING-SKIES.: i militia tp'd u and took ur expo
(26:38 / All) xXxPLoSiVe: lol
(26:39 / All) FALLING-SKIES.: ten min ago
(26:41 / All) BogBodies: You can't hero focus so you ran like a bitch
(26:48 / All) xXxPLoSiVe: fuck u pink
(26:49 / All) FALLING-SKIES.: i told u i was "buying time for my friends"
(26:49 / All) xXxPLoSiVe: =)
(26:51 / All) FALLING-SKIES.: well meet my friends
(26:51 / All) FALLING-SKIES.: teal
(26:52 / All) BogBodies: Nice name
(26:53 / All) FALLING-SKIES.: green and
(26:54 / All) FALLING-SKIES.: orange
(26:56 / All) BogBodies: You probably are a hooker
(27:06 / All) BogBodies: You got the brain of a well beat woman
(27:10 / All) xXxPLoSiVe: who are your friends ?
(27:14 / All) FALLING-SKIES.: u said i had no life it isnt true teal, i am a whale, a big blue whale
(27:18 / All) FALLING-SKIES.: orange and green
(27:27 / All) xXxPLoSiVe: from same clan ?
(27:33 / All) FALLING-SKIES.: from the same mother
(27:36 / All) 1mhotep: Yes, the Ku Klux Klan.
(27:38 / All) BogBodies: how many nigger dicks have you sucked on camera teal?
(27:38 / All) FALLING-SKIES.: elvira is our mom's name
(28:05 / All) BogBodies: do you take xxxplosive come shots
(28:06 / All) xXxPLoSiVe: ..
(28:10 / All) xXxPLoSiVe: no comments
(28:12 / All) xXxPLoSiVe: u guys crazy
(28:45 / All) FALLING-SKIES.: damn
(28:50 / All) FALLING-SKIES.: that took 5 seconds
(29:33 / All) FALLING-SKIES.: teal, i know ur pisse doff
(29:35 / All) FALLING-SKIES.: admit it
(29:40 / All) xXxPLoSiVe: yeah
(29:40 / All) FALLING-SKIES.: you are angry we embarassed you
(29:45 / All) xXxPLoSiVe: im piseed
(29:46 / All) BogBodies: who is your agent teal
(29:47 / All) FALLING-SKIES.: your pride is shot down
(29:47 / All) xXxPLoSiVe: =)
(29:52 / All) xXxPLoSiVe: no
(30:01 / All) xXxPLoSiVe: this game dont have effect on my pride bro
(30:02 / All) xXxPLoSiVe: relax
(30:10 / All) FALLING-SKIES.: then why are u here
(30:11 / All) BogBodies: who is your agent teal
(30:20 / All) BogBodies: can I book you for a boy girl scene
(30:23 / All) BogBodies: ass to mouth
(30:24 / All) xXxPLoSiVe: u guys fucking this game
(30:26 / All) xXxPLoSiVe: tganks
(30:28 / All) xXxPLoSiVe: =)
(30:39 / Allies) KNOOB: hey u faggots still here
(30:49 / All) FALLING-SKIES.: blue u werent afk
(30:50 / All) FALLING-SKIES.: u clown
(30:57 / All) FALLING-SKIES.: im gonna watch replay and see if u were
(31:06 / Allies) KNOOB: sure i was doche
(31:17 / All) BogBodies: do you do interracial scenes teal
(31:22 / Allies) KNOOB: i will check again
(31:47 / All) 1mhotep: You can leave now, blue.
(31:49 / All) 1mhotep: You lost.
(32:51 / All) FALLING-SKIES.: ok the whale is going swimming
(32:58 / All) 1mhotep: teal whispered me saying "gay" "happy now ?"
(33:02 / All) FALLING-SKIES.: gonna take off my shirt and show the neighbors my pecs
(33:17 / All) BogBodies: bro if they're jiggly they're boobies
(33:19 / All) 1mhotep: One last building
(33:22 / All) 1mhotep: any last words blue?